Cogmind - Beta 16 @@@ ROGUE MODE // 2025.12.31 @ 02:37:57 Player: tsintsir Result: Destroyed by 94-AWF(R) with Subdweller Beam Cannon Performance ------------- Evolutions (0) 0 Regions Visited (2) 400 Robots Destroyed (40) 200 Value Destroyed (740) 740 Prototype IDs (2) 40 Alien Tech Used (0) 0 Bonus (0) 0 TOTAL SCORE: 1380 Bonus ------- None Cogmind --------- Core Integrity 0/250 Matter 286/300 Energy 179/200 System Corruption 2% Temperature Cool (9) Movement Treading (240) Ox1 Location -10/Subcaves Parts ------- > --- POWER (1) -------- Subdweller Power Source > --- PROPULSION (2) --- Light Treads > --- UTILITY (2) ------ Large Storage Unit Targeting Computer > --- WEAPON (2) ------- Subdweller Beam Cannon Light Assault Rifle > --- INVENTORY (15) --- Makeshift Power Source Small Storage Unit Medium Storage Unit Sensor Array Signal Interpreter Improved Terrain Scanner Grenade Launcher Datajack Peak State ------------ > --- POWER ------------ Makeshift Power Source > --- PROPULSION ------- Light Treads Light Treads > --- UTILITY ---------- Large Storage Unit Targeting Computer > --- WEAPON ----------- Subdweller Beam Cannon Assault Rifle > --- INVENTORY -------- Subdweller Power Source Light Treads Small Storage Unit Medium Storage Unit Sensor Array Signal Interpreter Improved Terrain Scanner Light Assault Rifle Grenade Launcher Datajack [Rating: 12] Favorites ----------- Power Ion Engine Engine Ion Engine Propulsion Light Treads Treads Light Treads Utility Targeting Computer Device Seismic Detector Storage Large Storage Unit Processor Targeting Computer Protection Propulsion Shielding Weapon EM Pulse Gun Energy Gun EM Pulse Gun Energy Cannon Subdweller Beam Cannon Ballistic Gun Light Assault Rifle Launcher Grenade Launcher Build | -11 -10 -10 ------- Run | Yrd Mat Sub Slots Evolved . | . . . Power . | . . . Propulsion . | . . . Utility . | . . . Weapon . | . . . Parts Attached 22 | 8 7 7 Power 5 | 1 1 3 Engine 5 | 1 1 3 Core . | . . . Reactor . | . . . Propulsion 4 | 2 1 1 Treads 4 | 2 1 1 Leg . | . . . Wheel . | . . . Hover . | . . . Flight . | . . . Utility 5 | 2 3 . Device 1 | 1 . . Storage 2 | 1 1 . Processor 1 | . 1 . Hackware . | . . . Protection 1 | . 1 . Artifact . | . . . Weapon 8 | 3 2 3 Energy Gun 3 | 2 . 1 Energy Cannon 1 | . . 1 Ballistic Gun 3 | 1 1 1 Ballistic Cannon . | . . . Launcher 1 | . 1 . Special Weapon . | . . . Impact Weapon . | . . . Slashing Weapon . | . . . Piercing Weapon . | . . . Special Melee Weapon . | . . . Unidentified Prototypes . | . . . Corrupted Parts 1 | . . 1 System Corruption 2 | . . 2 Parts Lost 8 | . . 8 Power 2 | . . 2 Propulsion 3 | . . 3 Utility . | . . . Weapon 3 | . . 3 Highest Loss Streak 4 | . . 4 To Critical Strikes . | . . . Average Backups 8 | 1 8 9 Power . | . 1 . Propulsion 1 | . 1 1 Utility 3 | . 3 5 Weapon 1 | . 1 1 Tool/Special . | . . . Unused Backups 9 | . 3 6 Power 1 | . 1 . Propulsion 2 | . 2 . Utility 4 | . . 4 Weapon 1 | . . 1 Tool/Special 1 | . . 1 Average Slot Usage (%) 99 | . 99 98 Engine 13 | . 14 12 Treads 28 | . 28 28 Storage 14 | . 14 14 Processor 11 | . 10 14 Protection 1 | . 1 . Energy Gun 11 | . 13 6 Energy Cannon 2 | . . 7 Ballistic Gun 13 | . 14 13 Peak Build Rating 12 | 7 8 12 Average Rating 8 | 5 7 9 On Entrance 5 | . 7 8 Avg Prop Armor Cover (%) . | . . . Naked Turns . | . . . Heaviest Build 36 | 14 29 36 Greatest Support 40 | 40 40 40 Greatest Overweight (x) . | . . . Average Overweight (x) . | . . . Largest Inventory Capacity 15 | 8 15 15 Average Capacity 12 | 7 11 15 Most Carried 11 | 2 11 11 Average Carried 8 | 1 8 9 Final Capacity 15 | 8 15 15 Final Carried 11 | 2 11 8 Class Distribution -------------------- 100% | Mutant Dominant Class ---------------- Mutant | -10/Materials Mutant | -10/Subcaves Resources | -11 -10 -10 ----------- Run | Yrd Mat Sub Matter Collected 714 | 285 242 187 Remotely . | . . . Salvage Created 1283 | 123 733 427 Parts 88 | 7 46 35 Haulers Intercepted 2 | . 2 . Recyclers Shooed 2 | . 2 . Parts Field Recycled . | . . . Retrieved Matter . | . . . Parts Self-Destructed 10 | . . 10 Prevented . | . . . Parts Restored . | . . . Kills | -11 -10 -10 ------- Run | Yrd Mat Sub Combat Hostiles Destroyed 27 | . 16 11 Guns 18 | . 13 5 Cannons 6 | . . 6 AOE 3 | . 3 . Classes Destroyed 8 | 2 5 1 Worker 1 | . 1 . Tunneler 4 | 2 2 . Hauler 2 | . 2 . Recycler 3 | 1 2 . Watcher 3 | . 3 . Swarmer 14 | . 11 3 Grunt 7 | . 5 2 Subdweller 6 | . . 6 Best Kill Streak 6 | 2 6 4 Combat Bots Only 4 | . 3 4 Max Kills in Single Turn 2 | 1 2 1 Gunslinging . | . . . Exploded 2 | . 2 . Melee . | . . . Uniques/NPCs Destroyed . | . . . Combat | -11 -10 -10 -------- Run | Yrd Mat Sub Hostile Shots Fired 122 | . 55 67 Missed 40 | . 20 20 Hits 82 | . 35 47 Projectile 82 | . 35 47 AOE 3 | . . 3 Damage Taken 1423 | . 380 1043 Core 254 | . 100 154 Absorbed by Shields . | . . . Redirected to Shielding 6 | . 6 . Regen/Repaired (Parts) 61 | . 61 . Core Remaining (%) 100 | 100 . . Volleys Fired 124 | 5 68 51 Largest 2 | 2 2 2 Hottest 145 | 60 60 145 Shots Fired 236 | 10 134 92 Gun 199 | 10 130 59 Cannon 33 | . . 33 Launcher 4 | . 4 . Special . | . . . Kinetic 109 | 5 67 37 Thermal 38 | . . 38 Explosive 4 | . 4 . Electromagnetic 85 | 5 63 17 Robot Hit Streak 14 | 3 7 14 Robot Miss Streak 4 | 1 4 4 Penetration Max . | . . . Secondary Targets 5 | . 3 2 Max Gunslinging Chain 1 | . 1 1 Shots Hit Robots 137 | 6 71 60 Core Hits 66 | 5 37 24 Critical Kills . | . . . Critical Parts Destroyed . | . . . Critical Strikes 1 | . . 1 Corrupt 1 | . . 1 Melee Attacks . | . . . Impact . | . . . Slashing . | . . . Piercing . | . . . Sneak Attacks . | . . . Combat Hostiles . | . . . Follow-up Attacks . | . . . Damage Inflicted 2126 | 59 1135 932 Guns 1369 | 59 807 503 Cannons 429 | . . 429 Explosions 296 | . 296 . Melee . | . . . Ramming 32 | . 32 . Kinetic 606 | 22 303 281 Thermal 566 | . 71 495 Explosive 225 | . 225 . Electromagnetic 697 | 37 504 156 Impact . | . . . Slashing . | . . . Piercing . | . . . Highest Corruption 2 | . . 2 Average Corruption 2 | . . 2 Corruption Purged . | . . . Corruption Blocked . | . . . Effects 7 | . . 7 Message Errors 3 | . . 3 Matter Fused 1 | . . 1 Heat Flow Errors 1 | . . 1 Data Loss (minor) 2 | . . 2 Overload Shots . | . . . Overflow Damage 50 | . 31 19 Projectiles 19 | . . 19 Explosions 31 | . 31 . Melee . | . . . Knockbacks . | . . . Impact . | . . . Kinetic . | . . . Secondary . | . . . Self-Inflicted Damage 39 | . 39 . Shots 1 | . 1 . Rammed 3 | . 3 . Targets Rammed 3 | . 3 . Kicked . | . . . Crushed . | . . . Highest Temperature 162 | 20 76 162 Average Temperature 29 | 12 21 74 Received Heat Transfer 264 | . 78 186 Siege Activations . | . . . Martial Activations . | . . . Shielding Activations . | . . . Robots Disrupted . | . . . Combat Hostiles . | . . . Robots Corrupted . | . . . Combat Hostiles . | . . . Parts Fried 4 | . 4 . Impact Corruptions . | . . . Robots Melted . | . . . Combat Hostiles . | . . . Parts Melted 3 | . . 3 Heat Transferred 803 | . 100 703 Parts Sabotaged . | . . . Parts Stolen . | . . . Parts Stripped . | . . . Power Chain Reactions 2 | . 2 . Alert | -11 -10 -10 ------- Run | Yrd Mat Sub Maximum Alert Level 1 | . 1 . Low Security (%) 97 | 100 96 . Level 1 2 | . 3 . Level 2 . | . . . Level 3 . | . . . Level 4 . | . . . Level 5 . | . . . High Security . | . . . Max Security . | . . . Peak Influence 218 | 10 218 . Initial . | . . . Average 94 | 1 100 . Influence Increases 703 | 15 523 165 Destroy 0b10 Robot/C 420 | . 320 100 Destroy 0b10 Robot/NC 65 | 15 50 . Destroy Leader 100 | . 80 20 Successful Hack 20 | . 20 . Disable Machine 15 | . 15 . Destroy Structure 38 | . 38 . Lose Combat Pursuer 45 | . . 45 Influence Decreases 698 | 15 453 230 Entered New Map 34 | . . 34 Time Decay 624 | 15 453 156 Lost Part 40 | . . 40 Squads Dispatched 3 | . 3 . Investigation . | . . . Extermination . | . . . Reinforcement 3 | . 3 . Assault . | . . . Garrison . | . . . Intercept . | . . . Searches Triggered . | . . . Construction Impeded . | . . . Haulers Reinforced . | . . . Active Scanning Responses . | . . . Cargo Convoy Interrupts . | . . . Stealth | -11 -10 -10 --------- Run | Yrd Mat Sub Distress Signals 1 | . 1 . Communications Jammed . | . . . Distress Signals . | . . . Times Spotted 40 | . 27 13 Peak Tracking Total 4 | . 4 3 Tactical Retreats 1 | . . 1 Traps | -11 -10 -10 ------- Run | Yrd Mat Sub Traps Triggered 1 | . 1 . Indirectly . | . . . Trap Hack Attempts . | . . . Triggered . | . . . Disarmed . | . . . Reprogrammed . | . . . Reused . | . . . Traps Extracted . | . . . Installed . | . . . Triggered . | . . . Machines | -11 -10 -10 ---------- Run | Yrd Mat Sub Machines Disabled 1 | . 1 . Max in Single Turn 1 | . 1 . Machines Repaired . | . . . Machines Dismantled . | . . . Machines Sabotaged . | . . . Overloaded Fab Kills . | . . . Hacking | -11 -10 -10 --------- Run | Yrd Mat Sub Machines Accessed 7 | . 7 . Terminals 5 | . 5 . Fabricators . | . . . Repair Stations 1 | . 1 . Recycling Units 1 | . 1 . Scanalyzers . | . . . Garrison Access . | . . . Total Hacks 23 | . 23 . Successful 10 | . 10 . Failed 13 | . 13 . Catastrophic 2 | . 2 . Database Lockouts . | . . . Manual 20 | . 20 . Terminals 16 | . 16 . Fabricators . | . . . Repair Stations 5 | . 5 . Recycling Units 2 | . 2 . Scanalyzers . | . . . Garrison Access . | . . . Terminal Hacks 5 | . 5 . Robot Analysis 4 | . 4 . Prototype ID Bank 1 | . 1 . Fabricator Hacks . | . . . Repair Station Hacks 5 | . 5 . Scan Component 3 | . 3 . Repair 2 | . 2 . Recycling Unit Hacks . | . . . Scanalyzer . | . . . Garrison Access Hacks . | . . . Unauthorized Hacks . | . . . Terminals . | . . . Fabricators . | . . . Repair Stations . | . . . Recycling Units . | . . . Scanalyzers . | . . . Garrison Access . | . . . Data Cores Recovered . | . . . Used . | . . . Hacking Detections 7 | . 7 . Full Trace Events . | . . . Feedback Events . | . . . Feedback Blocked . | . . . Robot Schematics Acquired . | . . . Robots Built . | . . . Authchips . | . . . Time . | . . . Total Robot Build Rating . | . . . Part Schematics Acquired . | . . . Parts Built . | . . . Authchips . | . . . Time . | . . . Total Part Build Rating . | . . . Part Studies Acquired . | . . . Parts Repaired 2 | . 2 . Time 64 | . 64 . Parts Recycled . | . . . Recycled Matter . | . . . Retrieved Matter . | . . . Retrieved Components . | . . . Parts Scanalyzed . | . . . Part Schematics Acquired . | . . . Parts Damaged . | . . . Bothacking | -11 -10 -10 ------------ Run | Yrd Mat Sub Used RIF Installer . | . . . Robots Hacked . | . . . Non-combat . | . . . Combat . | . . . Robot Hacks Applied . | . . . Relay Couplers Released . | . . . Fabnet Peak Effective % . | . . . Robots Rewired . | . . . Allies Hacked . | . . . Hacks Repelled . | . . . Allies | -11 -10 -10 -------- Run | Yrd Mat Sub Total Allies . | . . . Largest Group . | . . . Highest-Rated Group . | . . . Highest-Rated Ally . | . . . Total Orders . | . . . Ally Attacks . | . . . Total Damage . | . . . Kills . | . . . Allies Corrupted . | . . . Allies Melted . | . . . Intel | -11 -10 -10 ------- Run | Yrd Mat Sub Active Infowar (turns) 160 | 16 144 . Seismic 160 | 16 144 . Robot Analysis Total 4 | . 4 . Derelict Logs Recovered 1 | . . 1 Drone Launches . | . . . Drone Recoveries . | . . . Exploration | -11 -10 -10 ------------- Run | Yrd Mat Sub Turns Passed 2434 | 99 1611 724 Spaces Moved 1210 | 49 809 352 Core 5 | 5 . . Treads 1205 | 44 809 352 Legs . | . . . Wheels . | . . . Hover . | . . . Flight . | . . . Fastest Speed 50 | 50 160 160 Average Speed 159 | 148 160 160 Slowest Speed 160 | 160 160 160 Overloaded Moves . | . . . Propulsion Burnouts . | . . . Robots Hopped . | . . . Potential Cave-ins . | . . . Cave-ins Triggered . | . . . Exploration Rate (%) 43 | 4 99 28 Regions Visited 2 Branch Regions 1 Pre-discovered Areas . | . . . Known Exits Taken . | . . . Unknown Exits Taken 2 | 1 1 . Scrap Searched . | . . . Spaces Dug . | . . . Terrain Destroyed 38 | . 36 2 Melee . | . . . Projectile 2 | . . 2 AOE 36 | . 36 . Terrain Rammed . | . . . Walls Destroyed . | . . . Machines Disabled . | . . . Actions | -11 -10 -10 --------- Run | Yrd Mat Sub Total 1488 | 63 1003 422 Wait 85 | . 83 2 Move 1208 | 48 808 352 Hop . | . . . Pick Up 17 | 1 15 1 Fast Attach 18 | 8 6 4 Attach 6 | . . 6 Detach 5 | 1 2 2 Swap 10 | . 7 3 Drop 12 | . 11 1 Fire 124 | 5 68 51 Melee . | . . . Ram . | . . . Kick . | . . . Crush 3 | . 3 . Escape Stasis . | . . . Rewire . | . . . Trap . | . . . Miscellaneous . | . . . Route ------- -11/Scrapyard -10/Materials (discovered 5 exits: [*Mat x3] / [*Min] / [*Sub]) -10/Subcaves (discovered 2 exits: *Mat x2) History --------- Turn | Location | Event 27 | -11/Scrapyard | Discovered new exit (range 16) 100 | -11/Scrapyard | Entered Materials 304 | -10/Materials | Build established: Mutant 415 | -10/Materials | Discovered new exit (range 11) 567 | -10/Materials | Discovered new exit (range 15) 712 | -10/Materials | Discovered new exit (range 7) 1420 | -10/Materials | Repaired EM Pulse Gun 1460 | -10/Materials | Repaired Imp. Terrain Scanner 1531 | -10/Materials | Discovered new exit (range 16) 1705 | -10/Materials | Discovered new exit (range 5) 1711 | -10/Materials | Entered Subcaves 1780 | -10/Subcaves | Discovered new exit (range 10) 1849 | -10/Subcaves | Core integrity fell below 50% 1874 | -10/Subcaves | Ambushed by Subdweller buried in earth 1886 | -10/Subcaves | Core integrity fell below 20% 1922 | -10/Subcaves | Lost 4 parts (2p1n1w) 2008 | -10/Subcaves | Identified exit to Materials 2015 | -10/Subcaves | Shifting Twisted Machinery released Sub. Beam Cannon 2098 | -10/Subcaves | Shifting Twisted Machinery released Sub. Power Source 2292 | -10/Subcaves | A swath of the cavern ceiling suddenly collapsed 2435 | -10/Subcaves | Destroyed by 94-AWF(R) with Subdweller Beam Cannon Last Messages --------------- 02172_ S-10 Pest destroyed. 02175_ Acquired 12 matter. 02179_ Acquired 30 matter. 02182_ Lgt. Ion Engine fries itself beyond repair. 02186_ System corrupted: Matter fused (-9). 02186_ Flight Unit fries itself beyond repair. 02247_ G-34 Mercenary destroyed. 02269_ Assault Rifle destroyed. 02270_ G-47 Trooper destroyed. 02274_ Aluminum Leg fries itself beyond repair. 02277_ Imp. Heat Sink fries itself beyond repair. 02278_ Acquired Particle Gun. A swath of the cavern ceiling suddenly collapses. 02299_ Acquired 47 matter. 02308_ System corrupted: Component data lost. 02415_ Sub. Monowheel melted. 02415_ Sub. Power Source melted. 02415_ KJ-CKJ(R) destroyed. 02418_ Particle Gun destroyed. 02420_ Lgt. Treads destroyed. Map ----- +----------------------------------------------------+ | ?????????????????????????????????????#### ##??#" | | ?????????????????????????????????????#""""" ##??# | | ?????????????????????????????????????#" " #?# | | ?????????????????????????????????????# ###?# | | ?????????????????????????????????????# ##???# " | | ?????????????????????????????????????## "##???# | | ??????????????????????????????????????##" "##??# | | ???????????????????????????????????????### "##? | | ?????????????????????????????????????????## "### ? | | ??????????????????????????????????? ??????# ##? ? | | ??????????????????????????????????# ?????###????? | | ?????????????????????????????????? ????????????? | | ?????????????????????????????????? ????????????? | | ?????????????????????????????????? ????????????? | | ?????????????????????????????????? ????????????? | | ????????????????????????????##???# ????????? ???? | | ??????????????????????????##" ##? ?????????# ? | | ??????????????????????????#$ ### #??????????# | | ????????????????????#?????#$ "## #??????????# | | ????????????????????#"???? ## #?????????# | | ????????????????????#""??? # #???????????# | | ?????????????????????"" ??# ## ## #???????????## | | ?????????????????????? #?# # #" #????????????# | | ??????????????????????? $## # #?????? ####??? | | ?????????????????????####;# # #?????# ??? | | ?????????????????????# % @ # #"" #????# #???? | | ?????????????????????#<&R# ###" #???? "#???? | | ????????????????????#$&% # <## #???? #????? | | ????????????????????#< !?#" ^<### #???# ##????? | | ????????????????????## $?##< ##?# #### #????? | | ?????????????????????##???#####?## ##???? | | ???????????????????????????????## #??## | | ??????????????????????????????## #?##" | | ??????????????????????????##### #?#"# | | ?????????????????????????## ########"" | | ?????????????????????????# # # #"## ### | | ???????????????????????# """####" | | ???????????????????? "##"### | | ???????????????????? ####### "#"## | | ????????????????????? #### ??????##### "## # | | ?????????????????????????## ??????????# "## | | ??????????????????????????#### ??????????######## | | ?????????????????????????????##??????????????????# | | ?????????????????????????????????????????????????? | | ?????????????????????????????????????????????????? | | ?????????????????????????????????????????????????? | | ?????????????????????????????????????????????????? | | ?????????????????????????????????????????????????? | | ?????????????????????????????????????????????????? | | ?????????????????????????????????????????????????? | +----------------------------------------------------+ Best States ------------- Heat Dissipation 25 Energy Generation 15 Energy Capacity 250 Matter Stores 300 Matter Capacity 300 Sight Range 16 Terrain Scan Density 10 Propulsion Shielding 33 Evasion (%) 40 Targeting Accuracy 5 Recoil Reduction 2 Item Schematics ----------------- None Robot Schematics ------------------ None Fabricated ------------ Nothing Repaired ---------- EM Pulse Gun | 6% | -10/Materials Imp. Terrain Scanner | 13% | -10/Materials Studied --------- None Alien Tech Used ----------------- None Achievements -------------- None Challenges ------------ None Game ------ Seed GravityWeaponSheargun Manual? 0 Play Time 00:25:35 Cumulative 70.4 hours Start 2025.12.31 @ 02:09:48 End 2025.12.31 @ 02:37:57 Sessions 1 Manual Loads 0 Difficulty Rogue Special Mode None Game No. 62 Rogue 62 Adventurer 0 Explorer 0 Win Type - Total 2 Types 1/0/0/1/0/0/0/0/0/0 Lore% 46 Gallery% 47 Achievement% 36 Wizard Run 0 Options --------- Layout 0 ASCII 0 Keyboard 0 Movement Mouse Keybinds 0 Fullscreen 2 Font 24/Smallcaps Map View 76x50 Zoom Use 0% Tactical HUD 1 Map Filters NONE Filters NONE Steam 1 RUN: 6baa4a22-c116-4444-a8da-fc5c042f26d6